 Dungeon Crawl Stone Soup version 0.31-a0-1467-g53b6572822 (webtiles) character file.

Game seed: 4725158372608495213

6071 tilp the Covert (level 10, -2/76 HPs)
             Began as a Vampire Enchanter on Dec 28, 2023.
             Was a Follower of Wu Jian.
             Slain by a centaur
             ... wielding a +0 halberd
              (8 damage)
             ... in a bailey.
             The game lasted 00:20:43 (8939 turns).

tilp the Covert (Vampire Enchanter)                 Turns: 8939, Time: 00:20:43

Health: -2/76      AC: 11    Str:  7    XL:     10   Next: 57%
Magic:  16/17      EV: 13    Int: 23    God:    Wu Jian [*.....]
Gold:   175        SH:  4    Dex: 14    Spells: 6/19 levels left

rFire   . . .        a - +2 dagger (drain)
rCold   . . .        f - +0 buckler
rNeg    . . .        g - +0 robe
rPois   .            G - +2 helmet
rElec   .            K - +2 cloak {Will+}
rCorr   .            r - +2 pair of gloves
SInv    +            (no boots)
Will    ++++.        H - amulet of magic regeneration
Stlth   ++++         s - ring of willpower
HPRegen 0.52/turn    t - ring of wizardry
MPRegen 0.55/turn

%: wizardry (x1)
@: about to teleport, enlightened, flying, healing quickly
A: alive, fangs 3, see invisible, vampiric 2
a: Exsanguinate, Renounce Religion


You were in a bailey.
You worshipped Wu Jian.
Wu Jian was aware of your devotion.
You visited 1 branch of the dungeon, and saw 8 of its levels.
You also visited: Sewer and Bailey.

You collected 528 gold pieces.
You spent 353 gold pieces at shops.

Inventory:

Hand Weapons
 a - a +2 dagger of draining (weapon)
 b - a +0 short sword of speed
Missiles
 l - 5 datura-tipped darts
 n - 2 javelins
 u - 11 boomerangs (quivered)
 v - 2 poisoned darts
 E - 2 curare-tipped darts
Armour
 f - a +0 buckler (worn)
 g - a +0 robe (worn)
 o - a +2 scale mail of poison resistance
 r - a +2 pair of gloves (worn)
 G - a +2 helmet (worn)
 K - a +2 cloak of willpower (worn)
Jewellery
 s - a ring of willpower (left hand)
 t - a ring of wizardry (right hand)
 w - a ring of resist corrosion
 H - an amulet of magic regeneration (around neck)
Wands
 J - a wand of flame (24)
Scrolls
 c - a scroll of revelation {unknown}
 k - 2 scrolls of vulnerability
 p - a scroll of immolation
 q - 2 scrolls of poison
 y - 2 scrolls of fog
 A - 2 scrolls of identify
 C - a scroll of blinking {unknown}
 D - 2 scrolls of amnesia {unknown}
 I - a scroll of enchant armour
Potions
 d - a potion of ambrosia
 e - 5 potions of curing
 h - a potion of cancellation
 i - 2 potions of lignification
 j - a potion of might
 m - 2 potions of resistance
 z - 2 potions of enlightenment
 B - a potion of mutation
 F - 2 potions of brilliance


   Skills:
 - Level 6.0 Fighting
 + Level 6.0(7.9) Short Blades
 * Level 7.3(8.2) Long Blades
 - Level 6.0 Dodging
 - Level 10.0 Stealth
 - Level 5.0 Spellcasting
 - Level 2.0 Conjurations
 - Level 8.0 Hexes
 - Level 2.0 Translocations
 - Level 2.0 Ice Magic


You had 6 spell levels left.
You knew the following spells:

 Your Spells              Type           Power      Damage    Failure   Level
a - Ensorcelled Hibernat  Hex/Ice        56%        N/A       1%          2
b - Confusing Touch       Hex            42%        N/A       1%          3
c - Tukima's Dance        Hex            42%        N/A       1%          3
d - Dazzling Flash        Conj/Hex       56%        N/A       2%          3
e - Blink                 Tloc           28%        N/A       4%          2

Your spell library contained the following spells:

 Spells                   Type           Power      Damage    Failure   Level
 Sigil of Binding         Hex            42%        N/A       1%          3
 Freeze                   Ice            56%        1d7       2%          1
 Kiss of Death            Conj/Necr      40%        2d8       4%          1
 Shock                    Conj/Air       40%        1d5       4%          1
 Lesser Beckoning         Tloc           28%        N/A       4%          2
 Momentum Strike          Conj/Tloc      28%        3d8       4%          2
 Necrotise                Necr           20%        1d5       6%          1
 Summon Small Mammal      Summ           20%        N/A       6%          1
 Frozen Ramparts          Ice            28%        1d5       9%          3
 Hailstorm                Conj/Ice       14%        3d6       9%          3
 Dimensional Bullseye     Hex/Tloc       14%        N/A       9%          4
 Call Canine Familiar     Summ           5%         N/A       19%         3
 Swiftness                Air            5%         N/A       19%         3
 Airstrike                Air            2%         2d(1-17)  50%         4
 Dispel Undead            Necr           5%         3d7       50%         4
 Summon Blazeheart Golem  Fire/Summ      5%         N/A       50%         4
 Conjure Ball Lightning   Conj/Air       5%         3x3d6     99%         6
 Discord                  Hex            21%        N/A       100%        8
 Disjunction              Tloc           7%         N/A       100%        8


Dungeon Overview and Level Annotations

Branches:
Dungeon (8/15)             Temple (0/1) D:7           Sewer (visited)
 Bailey (1/1)
   Lair: D:8-11

Altars:
Ashenzari
Kikubaaqudgha
Sif Muna
Vehumet
Wu Jian

Shops:
D:1 ![*   D:4 [   D:6 [   D:7 *!=!


Innate Abilities, Weirdness & Mutations

Your natural rate of healing is accelerated.
You have razor-sharp teeth.
You have supernaturally acute eyesight. (SInv)
You are afflicted with vampirism and can become a bat while bloodless.


Message History

The centaur barely misses you.
The orc warrior hits you from afar with a +0 trident.
* * * LOW HITPOINT WARNING * * *
You block the centaur's attack.
Unknown command.
You barely miss the centaur.
The centaur is moderately wounded.
The centaur closely misses you. You block the orc warrior's attack.
The centaur closely misses you.
The orc warrior hits you from afar with a +0 trident.
* * * LOW HITPOINT WARNING * * *
There are no items here.
Unknown command.
As you read the scroll of teleportation, it crumbles to dust.
You feel strangely unstable.
The centaur is no longer blind. x2
The centaur closely misses you.
The centaur throws a javelin.
The javelin pierces through you but does no damage.
The centaur throws a javelin.
The javelin pierces through you but does no damage.
The orc warrior barely misses you.
The orc warrior hits you but does no damage.
The centaur barely misses you.
The centaur hits you but does no damage.
Unknown command.
You lunge at the centaur, in a flurry of attacks.
You hit the centaur but do no damage. You drain the centaur.
The centaur is lightly wounded.
You strike the helpless centaur from behind!
You impale the centaur!!
You kill the centaur!
The Council accepts your kill. The centaur barely misses you. x2
The centaur hits you from afar with a +0 trident.
* * * LOW HITPOINT WARNING * * *
The orc warrior hits you from afar with a +0 halberd.
* * * LOW HITPOINT WARNING * * *
The orc warrior hits you with a +0 trident!
* * * LOW HITPOINT WARNING * * *
The orc hits you but does no damage. The centaur hits you with a +0 halberd!
You die...

#≈≈.≈.....≈~≈)≈~≈.....≈.≈≈
#≈≈.≈.....≈~≈≈≈~≈.....≈o≈≈
#≈≈.≈≈....≈≈~≈~≈≈....≈≈.≈
#≈≈≈.≈.....≈~≈~≈.....
#≈≈≈.≈≈.⌠..≈≈~≈≈..⌠.≈
#≈≈≈≈.≈.....≈~≈.....≈
#≈≈≈≈.≈≈≈....o....≈≈≈
#≈≈≈≈≈..≈≈≈oc)o.≈≈≈..
#≈≈≈≈≈≈≈..≈≈≈@≈≈≈..≈≈
##≈≈≈≈≈≈≈≈.c..)..≈≈≈≈
##≈≈≈≈≈≈≈≈≈≈≈≈≈≈≈≈≈≈
##≈≈≈≈≈≈≈≈≈≈≈≈≈≈≈≈≈
##################


You could see 2 orc warriors, 2 centaurs and an orc.

Vanquished Creatures
  Pikel (D:4)
  Maurice (D:7)
  A hornet (D:7)
  Prince Ribbit (D:7)
  Sigmund (D:3)
  A shadow (D:5)
  A steam dragon (D:7)
  Eustachio (D:4)
  An acid dragon (D:8)
  Edmund (D:4)
  Duvessa (D:5)
  2 water moccasins
  7 orc warriors
  3 black bears
  An ogre (D:5)
  3 phantoms
  3 centaurs
  5 bullfrogs
  2 kobold brigands (D:6)
  A brain worm (Sewer)
  3 scorpions (D:6)
  2 gnoll sergeants
  Dowan (D:5)
  A bombardier beetle (D:7)
  2 howler monkeys (D:6)
  An orc priest (D:7)
  5 hounds
  4 gnoll boudas
  2 jellies
  6 iguanas
  5 orc wizards
  6 adders
  23 gnolls
  5 river rats (Sewer)
  2 white imps
  4 ufetubi (D:6)
  3 worms
  7 dart slugs
  35 orcs
  14 ball pythons
  5 endoplasms
  8 giant cockroaches
  11 goblins
  10 hobgoblins
  11 jackals
  8 kobolds
  6 quokkas
  8 bats
  4 frilled lizards
  9 rats
249 creatures vanquished.

Vanquished Creatures (collateral kills)
  2 centaurs (Bailey)
  An orc (Bailey)
3 creatures vanquished.

Vanquished Creatures (others)
  3 dancing weapons (Bailey)
  An orc wizard (D:6)
  A river rat (D:6)
5 creatures vanquished.

Grand Total: 257 creatures vanquished

Notes
Turn   | Place    | Note
-------+----------+-------------------------------------------
     0 | D:1      | tilp the Vampire Enchanter began the quest for the Orb.
     0 | D:1      | Reached XP level 1. HP: 13/13 MP: 3/3
     3 | D:1      | Found Badourph's Distillery.
   108 | D:1      | Found Atoiv Qoh's Antique Armour Emporium.
   112 | D:1      | Reached XP level 2. HP: 20/20 MP: 5/5
   118 | D:1      | Learned a level 2 spell: Ensorcelled Hibernation
   348 | D:1      | Found Gagor's Assorted Antiques.
   357 | D:1      | Reached skill level 1 in Long Blades
   376 | D:1      | Reached skill level 1 in Fighting
   380 | D:1      | Gained mutation: You are afflicted with vampirism and can
                  | become a bat while bloodless. [Vampire growth]
   380 | D:1      | Reached XP level 3. HP: 25/26 MP: 3/6
   386 | D:1      | Learned a level 3 spell: Confusing Touch
   588 | D:1      | Bought a scroll labelled JEFRUPS NUPP for 21 gold pieces
   675 | D:1      | Bought a cyan potion for 18 gold pieces
  1391 | D:2      | Reached XP level 4. HP: 32/32 MP: 7/7
  1676 | D:1      | Bought a scroll labelled BYCSASKITU for 21 gold pieces
  1676 | D:1      | Bought a scroll labelled BEZIJO TOIPH for 21 gold pieces
  1774 | D:3      | Noticed Sigmund
  2223 | D:3      | Killed Sigmund
  2224 | D:3      | Reached skill level 5 in Stealth
  2224 | D:3      | Reached skill level 5 in Hexes
  2224 | D:3      | Reached XP level 5. HP: 28/39 MP: 2/8
  2540 | D:3      | Reached XP level 6. HP: 46/46 MP: 9/9
  2546 | D:3      | Identified the +1 scale mail of Ashenzari's Anger {rCorr
                  | Str-5 Dex+3}
  2881 | D:1      | Bought a potion of heal wounds for 55 gold pieces
  3040 | D:4      | Found Nued's Antique Armour Shoppe.
  3287 | D:4      | Noticed Eustachio
  3325 | D:4      | Killed Eustachio
  3326 | D:4      | Reached XP level 7. HP: 39/52 MP: 4/11
  3439 | D:4      | Found a radiant altar of Vehumet.
  3439 | D:4      | Found an ancient bone altar of Kikubaaqudgha.
  3441 | D:4      | Found a shimmering blue altar of Sif Muna.
  3441 | D:4      | Noticed Edmund
  3466 | D:4      | Killed Edmund
  3565 | D:4      | Got Kikubaaqudgha's Almanac of Dark Spells
  3658 | D:4      | Reached skill level 6 in Stealth
  3846 | D:4      | Noticed Pikel
  3857 | D:4      | Killed Pikel
  3858 | D:4      | Reached XP level 8. HP: 60/60 MP: 9/13
  4030 | D:5      | Entered Level 5 of the Dungeon
  4098 | D:5      | Learned a level 3 spell: Tukima's Dance
  4102 | D:5      | Learned a level 3 spell: Dazzling Flash
  4105 | D:5      | Learned a level 2 spell: Blink
  4429 | D:5      | Reached skill level 7 in Stealth
  4429 | D:5      | Reached skill level 1 in Conjurations
  4429 | D:5      | Reached skill level 1 in Translocations
  4513 | D:5      | Noticed Duvessa
  4519 | D:5      | Noticed Dowan
  4520 | D:5      | Killed Duvessa
  4521 | D:5      | Reached skill level 1 in Ice Magic
  4530 | D:5      | Killed Dowan
  4606 | D:5      | Reached XP level 9. HP: 63/66 MP: 5/14
  4616 | D:5      | Reached skill level 5 in Long Blades
  5101 | D:6      | Found a glowing drain.
  5118 | Sewer    | Entered a sewer
  5247 | Sewer    | Reached skill level 5 in Fighting
  5961 | D:6      | Found a broken altar of Ashenzari.
  6013 | D:6      | Found Radesuir's Armour Shoppe.
  6013 | D:6      | Noticed an animated shadow dragon scales
  6013 | D:6      | Noticed an animated storm dragon scales
  6215 | D:6      | Reached skill level 5 in Dodging
  6314 | D:6      | Found an ornate altar of the Wu Jian Council.
  6438 | D:6      | Became a worshipper of the Wu Jian Council
  6628 | D:6      | Reached skill level 8 in Stealth
  6964 | D:1      | Bought a runed helmet for 217 gold pieces
  7181 | D:7      | Reached * piety under Wu Jian
  7266 | D:7      | Noticed Prince Ribbit
  7271 | D:7      | Killed Prince Ribbit
  7274 | D:7      | Reached XP level 10. HP: 76/76 MP: 11/17
  7308 | D:7      | Noticed Maurice
  7315 | D:7      | Found Haorutobb's Distillery.
  7315 | D:7      | Killed Maurice
  7316 | D:7      | Reached skill level 5 in Short Blades
  7353 | D:7      | Found a staircase to the Ecumenical Temple.
  7366 | D:7      | Reached skill level 9 in Stealth
  7466 | D:7      | Reached skill level 5 in Spellcasting
  7558 | D:7      | Found Inilopn's Distillery.
  7614 | D:7      | Found Nigroz's Jewellery Shoppe.
  7710 | D:7      | Found Saoff's Island Escapes.
  7925 | D:8      | Found a flagged portal.
  7983 | Bailey   | Entered a bailey
  8880 | Bailey   | Reached skill level 10 in Stealth
  8939 | Bailey   | Slain by a centaur

Illustrated notes

Levels and vault maps discovered:
D:1:      dpeg_arrival_pits, layout_rooms, serial_shops,
          nicolae_shop_rolling_square, shop, nicolae_shop_stone
D:2:      layout_loops_corners, grunt_ministairs_5, kennysheep_decorative_pillar
D:3:      layout_loops_ring, grunt_ministairs_9, serial_park_tiny_pond,
          uniq_sigmund
D:4:      layout_loops_ring, grunt_temple_overflow_magic_moments, serial_shops,
          nicolae_shop_advertising_works [nicolae_subvault_shop_adworks],
          uniq_pikel, uniq_edmund, uniq_eustachio
D:5:      layout_loops_ring, uniq_duvessa
D:6:      minmay_chambers_of_threes, layout_rooms, nicolae_ashenzari_skybound,
          kennysheep_mini, nicolae_wu_jian_wuxing_cycle, serial_shops,
          nicolae_shop_mannequins, cheibrodos_sewer_entry_sluice, sigmund_army
D:7:      layout_cave_pools, minmay_temple_entry_junction, serial_shops,
          nicolae_shop_industrial_runoff, shop, nicolae_shop_back_alley_shop,
          nicolae_island_escapes, uniq_prince_ribbit1, uniq_maurice
D:8:      layout_basic, grunt_dithmenos_smoke_and_mirrors, enter_bailey_3
Bailey:   bailey_polearm_flooded_kennysheep, bailey

Skill      XL: |  1  2  3  4  5  6  7  8  9 10 |
---------------+-------------------------------+-----
Long Blades    | 1 2 3 4 5 7 |  7.3
Fighting       | 1 2 3 4 6 |  6.0
Short Blades   | 2 3 4 6 |  6.0
Dodging        | 3 4 5 6 |  6.0
Stealth        | 5 6 7 8 10 | 10.0
Hexes          | 5 6 8 |  8.0
Spellcasting   | 3 4 5 |  5.0
Conjurations   | 1 2 |  2.0
Translocations | 1 2 |  2.0
Ice Magic      | 1 2 |  2.0

Action                     |  1- 3 |  4- 6 |  7- 9 | 10-12 || total
---------------------------+-------+-------+-------+-------++-------
  Melee: Dagger            |   127 |   114 |   325 |   159 ||   725
         Bite              |     5 |    10 |    31 |    20 ||    66
         Punch             |     2 |       |       |       ||     2
  Throw: Stone             |       |     1 |       |       ||     1
         Boomerang         |       |       |     1 |       ||     1
   Cast: Ensorcelled Hiber |    10 |    15 |    69 |    30 ||   124
         Confusing Touch   |       |     2 |    13 |     6 ||    21
         Dazzling Flash    |       |       |     1 |     8 ||     9
         Tukima's Dance    |       |       |       |    16 ||    16
         Blink             |       |       |       |     1 ||     1
Ability: Lunge             |       |       |     6 |    26 ||    32
         Whirlwind         |       |       |       |     6 ||     6
    Use: Scroll            |     3 |     9 |     4 |     3 ||    19
         Potion            |     1 |       |     3 |     3 ||     7
   Stab: Sleeping          |    10 |    18 |    54 |    22 ||   104
         Invisible         |     3 |       |     3 |     3 ||     9
         Confused          |       |       |    10 |     5 ||    15
         Distracted        |       |       |     1 |       ||     1
 Armour: Robe              |    59 |    56 |   181 |   130 ||   426
  Dodge: Dodged            |    74 |    76 |   194 |   153 ||   497
  Block: Buckler           |       |    10 |    47 |    32 ||    89

Table legend: (Time is in decaauts)
 A = Elapsed time spent in this place.
 B = Non-inter-level travel time spent in this place.
 C = Inter-level travel time spent in this place.
 D = Time resting spent in this place.
 E = Time spent auto-exploring this place.
 F = Levels seen in this place.
 G = Mean time per level.
                   A        B        C        D        E       F      G
               +--------+--------+--------+--------+--------+-----+--------+
         Total |   9023 |   8165 |    858 |   1141 |   4594 |  10 |  902.3 |
       Dungeon |   7115 |   6257 |    858 |    454 |   4045 |   8 |  889.4 |
         Sewer |    973 |    973 |      0 |    178 |    549 |   1 |  973.0 |
        Bailey |    934 |    934 |      0 |    509 |      0 |   1 |  934.0 |
               +--------+--------+--------+--------+--------+-----+--------+

Top non-repeatable levels by time:
     D:2: 1309 daAuts
     D:4: 1302 daAuts
     D:6: 1063 daAuts
   Sewer: 973 daAuts
  Bailey: 934 daAuts
     D:5: 933 daAuts
     D:1: 804 daAuts
     D:3: 800 daAuts
     D:7: 698 daAuts
     D:8: 203 daAuts
